[Event "Betsys MČR v online bleskovém šachu 2021"]
[Site "Chess.com"]
[Date "2021.04.17"]
[Round "2"]
[White "Patriktesko"]
[Black "fm_magua"]
[Result "0-1"]
[WhiteElo "2067"]
[BlackElo "2510"]
[TimeControl "180+1"]
[EndTime "9:17:36 PDT"]
[Termination "Uživatel fm_magua zvítězil matem"]

1. d4 Nf6 2. Nf3 g6 3. Bg5 Bg7 4. e3 O-O 5. c3 d6 6. Bd3 c5 7. Nbd2 Nc6 8. Qc2 a6 9. h4 b5 10. h5 c4 11. Be2 d5 12. hxg6 fxg6 13. O-O-O Bf5 14. e4 Nxe4 15. Nxe4 Bxe4 16. Qd2 b4 17. Bh6 bxc3 18. bxc3 Qa5 19. Bxg7 Qa3+ 20. Qb2 Qxb2+ 21.
Kxb2 Kxg7 22. Ng5 Rxf2 23. Rd2 Rb8+ 24. Ka1 h6 25. Nxe4 dxe4 26. Rb1 Rxb1+ 27. Kxb1 Rxg2 28.
Kc1 Na5 29. Rb2 h5 30. Kd1 h4 31. Rb6 h3 32. Re6 h2 33. Rxe7+ Kh6 34. Re8 h1=Q+ 35. Kd2 Rxe2+ 36. Kxe2 Qf3+ 37. Kd2 Qd3+ 38. Ke1 Qxc3+ 39. Kf1 Qf3+ 40. Ke1 e3 41. Rh8+ Kg7 42. Rh2 Qg3+ 43. Ke2 Qxh2+ 44. Kxe3 c3 45. Ke4 c2 46. d5 c1=Q 47.
a4 Qhf4+ 48. Kd3 Qce3+ 49. Kc2 Qd2+ 50. Kb1 Qe4+ 51. Ka1 Nb3# 0-1

[Event "Betsys MČR v online bleskovém šachu 2021"]
[Site "Chess.com"]
[Date "2021.04.17"]
[Round "2"]
[White "BetsysBetting"]
[Black "Bolavey_Kotnik"]
[Result "0-1"]
[WhiteElo "1955"]
[BlackElo "2392"]
[TimeControl "180+1"]
[EndTime "9:17:36 PDT"]
[Termination "Uživatel Bolavey_Kotnik zvítězil na čas"]

1. d4 Nf6 2. g3 d6 3. Bg2 Nbd7 4.
Nf3 e5 5. O-O Be7 6. c4 O-O 7.
Nc3 c6 8. b3 Qc7 9. Bb2 Re8 10.
Qc2 h6 11. Rad1 a5 12. Nh4 exd4 13. Rxd4 Nc5 14. Nf5 Bf8 15. Nd1 g6 16. Nh4 Bg7 17. Re1 Be6 18. Ne3 Rad8 19. Red1 b6 20. h3 Nh5 21. R4d2 Nf6 22. Kh2 Bc8 23. a3 Nb7 24. b4 Be6 25. g4 d5+ 26. Kg1 dxc4 27. Rxd8 Rxd8 28. Rxd8+ Nxd8 29. Nxc4 axb4 30. axb4 Bd5 31. Be5 Qe7 32. Bxd5 cxd5 33. Bd6 Qe6 0-1

[Event "Betsys MČR v online bleskovém šachu 2021"]
[Site "Chess.com"]
[Date "2021.04.17"]
[Round "2"]
[White "YoungMegaMind"]
[Black "Bancroft"]
[Result "1-0"]
[WhiteElo "2279"]
[BlackElo "1938"]
[TimeControl "180+1"]
[EndTime "9:17:37 PDT"]
[Termination "Uživatel YoungMegaMind zvítězil po vzdání soupeře"]

1. Nf3 d5 2. e3 c5 3. b3 Nc6 4. Bb2 Nf6 5. Bb5 Bf5 6. d3 e6 7. Bxc6+ bxc6 8. Ne5 Qc7 9. O-O Bd6 10. f4 O-O 11. c4 Nd7 12. Nxd7 Qxd7 13. Nc3 f6 14. Qe2 e5 15. e4 Bg6 16. f5 Bf7 17. Na4 Rad8 18.
Ba3 Qe7 19. Rad1 Kh8 20. Qf2 d4 21. Qe1 g6 22. fxg6 hxg6 23. Qa5 f5 24. Bxc5 f4 25. Qxa7 Bxc5 26. Qxc5 Rd6 27. g3 g5 28. Kg2 Kg7 29. b4 Bh5 30. Rde1 f3+ 31. Kg1 g4 32. Rf2 Be8 33. Nb6 Qf6 34. a4 Rf7 35. a5 Rb7 36. a6 Rxb6 37. Qxb6 Kh6 38. a7 c5 39. Qb8 Qd8 40. a8=Q 1-0

[Event "Betsys MČR v online bleskovém šachu 2021"]
[Site "Chess.com"]
[Date "2021.04.17"]
[Round "2"]
[White "PaulS_CR"]
[Black "JustFilip05"]
[Result "1/2-1/2"]
[WhiteElo "1840"]
[BlackElo "2136"]
[TimeControl "180+1"]
[EndTime "9:17:37 PDT"]
[Termination "Remíza – nedostatek materiálu"]

1. Nf3 g6 2. d4 Bg7 3. g3 Nf6 4. Bg2 O-O 5. O-O d5 6. Nbd2 c6 7. e3 Bf5 8. c4 Nbd7 9. b3 Ne4 10. Bb2 Nxd2 11. Qxd2 Re8 12. Nh4 Be4 13. f3 Bf5 14.
Nxf5 gxf5 15. cxd5 cxd5 16. Qd3 e6 17. Qb5 Nb6 18. Rfc1 a6 19. Qb4 Bf8 20. Qd2 Qd6 21. Rc2 Rac8 22. Rac1 Rxc2 23. Rxc2 Rc8 24. Rxc8 Nxc8 25.
Bf1 Na7 26. Qc3 Qc6 27. Bd3 Nb5 28. Qxc6 bxc6 29. a4 Nc7 30. Bc3 Bd6 31. Ba5 Kf8 32.
Bxc7 Bxc7 33. Bxa6 Ke7 34. Kf2 Ba5 35. Ke2 Kd6 36. Kd3 h5 37. h3 Be1 38. g4 fxg4 39.
fxg4 hxg4 40. hxg4 f6 41. Bc8 Bb4 42. e4 e5 43. exd5 cxd5 44. Bf5 e4+ 45. Bxe4 dxe4+ 46. Kxe4 Ke6 47. d5+ Kd6 48. Kf5 Bc3 49. g5 fxg5 50. Kxg5 Kxd5 51. Kf5 Kc5 52. Ke4 Kb4 53. Kd3 Kxb3 54.
a5 Bxa5 1/2-1/2

[Event "Betsys MČR v online bleskovém šachu 2021"]
[Site "Chess.com"]
[Date "2021.04.17"]
[Round "2"]
[White "Dasty78"]
[Black "MatyldaCZ"]
[Result "1-0"]
[WhiteElo "2018"]
[BlackElo "1407"]
[TimeControl "180+1"]
[EndTime "9:17:37 PDT"]
[Termination "Uživatel Dasty78 zvítězil matem"]

1. e4 e5 2. Nf3 Nc6 3. Bb5 d6 4. c3 Bd7 5. d4 Nf6 6. O-O Be7 7. Re1 O-O 8. d5 Na5 9. Bxd7 Qxd7 10. Qe2 b6 11. c4 Rac8 12. b4 Nb7 13. Nc3 Rfe8 14. Nb5 a6 15. Na7 Ra8 16. Nc6 Nd8 17. Nxe7+ Qxe7 18. Bg5 h6 19. Bh4 Nb7 20. Qd2 Rac8 21. Bg3 Rf8 22. Nh4 Nh5 23. Nf5 Qd7 24. Qe2 Nxg3 25. hxg3 Kh7 26. Kh2 g6 27. Ne3 Rg8 28. Rh1 Rh8 29.
Kg1 Kg8 30. Ng4 Kg7 31. Qf3 Qe7 32. Qe3 g5 33. Qf3 Rcf8 34. Ne3 Qd7 35. Nf5+ Kg6 36. Qh5+ Kf6 37. Nxh6 Ke7 38. Qxg5+ Ke8 39. Nf5 Rxh1+ 40. Kxh1 Nd8 41. Ng7# 1-0

[Event "Betsys MČR v online bleskovém šachu 2021"]
[Site "Chess.com"]
[Date "2021.04.17"]
[Round "2"]
[White "Ehlundi"]
[Black "JosefBara"]
[Result "1-0"]
[WhiteElo "1767"]
[BlackElo "1288"]
[TimeControl "180+1"]
[EndTime "9:17:37 PDT"]
[Termination "Uživatel Ehlundi zvítězil po vzdání soupeře"]

1. e4 e6 2. Nf3 d5 3. exd5 exd5 4. d4 Nf6 5. Bd3 Be7 6. h3 O-O 7. O-O c6 8. Bf4 Nbd7 9. Re1 Re8 10. Nbd2 Nb6 11. b3 c5 12. c4 dxc4 13. Nxc4 Nxc4 14.
Bxc4 b6 15. d5 Bb7 16. d6 Bf8 17. Rxe8 Qxe8 18. Ne5 Rd8 19. Bxf7+ Qxf7 20. Nxf7 Kxf7 21. Qd3 Ne4 22. Re1 Nxd6 23. Bxd6 Rxd6 24. Qf5+ Kg8 25.
Re8 Rf6 26. Qd7 Ba6 27. Qxa7 Bb5 28. a4 Bxe8 29. a5 bxa5 30. Qxa5 Bc6 31. f3 Rg6 32. Kf2 h6 33. Qc7 Rd6 34. Qc8 Bb5 35. Qf5 Rd2+ 36. Kg3 Bd6+ 37. f4 Rd3+ 38. Kg4 Rxb3 39.
Qe6+ Kh7 40. Qxb3 Bd7+ 41. Kg3 Kg6 42. Qd3+ Kf6 43. Qxd6+ Be6 44. Qxc5 g5 45. Qe5+ Ke7 46. f5 1-0

[Event "Betsys MČR v online bleskovém šachu 2021"]
[Site "Chess.com"]
[Date "2021.04.17"]
[Round "2"]
[White "kominekmart"]
[Black "NikolaKusova"]
[Result "1-0"]
[WhiteElo "1578"]
[BlackElo "777"]
[TimeControl "180+1"]
[EndTime "9:17:37 PDT"]
[Termination "Uživatel kominekmart zvítězil matem"]

1. e4 e5 2. Nf3 Nf6 3. Nxe5 d6 4. Nf3 Nxe4 5. Bc4 d5 6. Bb3 Bc5 7. O-O O-O 8. d4 Bb6 9. h3 Bf5 10. Nbd2 Nxd2 11. Bxd2 c6 12. Re1 Bc7 13. c3 Nd7 14. Bg5 Qc8 15. Bc2 Bxc2 16. Qxc2 f6 17. Bh4 Re8 18.
Rxe8+ Qxe8 19. Re1 Qf8 20. Qf5 Rd8 21. Qe6+ Kh8 22. Nh2 Nb6 23. Qe7 Qg8 24. Qxc7 Re8 25. Rxe8 Qxe8 26. Qxb7 Qe1+ 27. Nf1 Qe8 28. Qxa7 Nd7 29.
Bg3 Qf8 30. Qa3 Qxa3 31. bxa3 Nf8 32. a4 Kg8 33. a5 Kf7 34. a6 Ke8 35. a7 Nd7 36.
a8=Q+ Ke7 37. Ne3 Ke6 38. Qe8# 1-0

[Event "Betsys MČR v online bleskovém šachu 2021"]
[Site "Chess.com"]
[Date "2021.04.17"]
[Round "2"]
[White "iDarkTraveler"]
[Black "Terilka"]
[Result "0-1"]
[WhiteElo "1967"]
[BlackElo "1504"]
[TimeControl "180+1"]
[EndTime "9:17:38 PDT"]
[Termination "Uživatel Terilka zvítězil na čas"]

1. d4 Nf6 2. Nf3 g6 3. Bg5 Bg7 4. e3 d5 5. Bd3 O-O 6. O-O c5 7. c3 c4 8. Bc2 Nc6 9. h3 b5 10.
a3 a5 11. Nbd2 Bd7 12. Bxf6 Bxf6 13. e4 e6 14. Re1 Qc7 15. e5 Bg7 16. Qe2 Qb6 17.
h4 h5 18. Ng5 b4 19. axb4 axb4 20. g4 hxg4 21. Qxg4 bxc3 22. bxc3 Qb2 23. Rxa8 Rxa8 24.
Nxf7 Qxc2 25. Nf3 Kxf7 26. Ng5+ Ke7 27. h5 Qf5 28. Qh4 Ke8 29. h6 Bh8 30. Re3 Ra2 31. Rf3 Qb1+ 32. Kg2 Qc2 33. Nh7 Qe4 0-1

[Event "Betsys MČR v online bleskovém šachu 2021"]
[Site "Chess.com"]
[Date "2021.04.17"]
[Round "2"]
[White "Daffac"]
[Black "Paulz64"]
[Result "1-0"]
[WhiteElo "2089"]
[BlackElo "2499"]
[TimeControl "180+1"]
[EndTime "9:17:39 PDT"]
[Termination "Uživatel Daffac zvítězil na čas"]

1. d4 Nf6 2. Nf3 e6 3. Bf4 b6 4. e3 Bb7 5. Nbd2 Be7 6. Bd3 Nh5 7. Be5 d6 8. Bg3 Nd7 9. Qe2 Nxg3 10. hxg3 Bf6 11.
O-O-O e5 12. Ne4 Qe7 13. Kb1 O-O-O 14. Nxf6 Nxf6 15. Ba6 h6 16. Qb5 e4 17. Nd2 Qd7 18. Bxb7+ Kxb7 19. Qb4 d5 20. Nb3 Ka8 21. c4 c6 22. c5 b5 23. a4 Rb8 24. Kc2 Ng4 25.
Rd2 bxa4 26. Qxa4 Rb5 27. Ra1 Rhb8 28. Ra3 Qc7 29. Qa6 Nf6 30. Rd1 Qb7 31. Qxb7+ R8xb7 32. Rda1 Kb8 33. R1a2 Ng4 34. Na5 Rc7 35. Nb3 Nxf2 36.
Ra6 Ng4 37. R2a5 1-0

[Event "Betsys MČR v online bleskovém šachu 2021"]
[Site "Chess.com"]
[Date "2021.04.17"]
[Round "2"]
[White "Zavurka1975"]
[Black "KatkaZ"]
[Result "1-0"]
[WhiteElo "2212"]
[BlackElo "1873"]
[TimeControl "180+1"]
[EndTime "9:17:39 PDT"]
[Termination "Uživatel Zavurka1975 zvítězil po vzdání soupeře"]

1. d4 Nf6 2. Nf3 g6 3. Bf4 Bg7 4. e3 d6 5. h3 Nbd7 6. Be2 h6 7.
O-O O-O 8. c3 c6 9. a4 Re8 10. Na3 a6 11. Nc4 b5 12. axb5 cxb5 13.
Na5 Nd5 14. Bh2 N7b6 15. Nd2 Be6 16. Bf3 Rc8 17. Nab3 Nc4 18. Rxa6 Nxb2 19. Qa1 Nc4 20. Rc1 Ndb6 21. e4 Nxd2 22. Nxd2 Nc4 23. Nxc4 Bxc4 24.
Ra7 e5 25. d5 Re7 26. Bg3 Rxa7 27. Qxa7 Ra8 28. Qe3 Kh7 29. Be2 h5 30. Bxc4 bxc4 31. Qe2 Qc7 32. f3 Bh6 33. Rf1 Ra4 34. f4 Bg7 35. fxe5 dxe5 36. Qf2 f6 37. Qb2 Bf8 38. Rxf6 Bc5+ 39. Bf2 Qe7 40. Re6 Qf8 41. Bxc5 Qxc5+ 42. Kh2 Qf2 43. Qxf2 Ra3 44. Qf6 Rxc3 45. Qxg6+ 1-0

[Event "Betsys MČR v online bleskovém šachu 2021"]
[Site "Chess.com"]
[Date "2021.04.17"]
[Round "2"]
[White "Mikkes33"]
[Black "sajmon8"]
[Result "1-0"]
[WhiteElo "1277"]
[BlackElo "1589"]
[TimeControl "180+1"]
[EndTime "9:17:39 PDT"]
[Termination "Uživatel Mikkes33 zvítězil po vzdání soupeře"]

1. e4 e6 2. d4 d5 3. Nd2 Nf6 4.
exd5 exd5 5. Ngf3 Bd6 6. Bd3 O-O 7. O-O c6 8. b3 Qc7 9. c4 Qd8 10. Bb2 Be6 11. c5 Bc7 12. b4 a5 13. a3 axb4 14.
axb4 Rxa1 15. Bxa1 b6 16. Qc2 bxc5 17. dxc5 Nbd7 18. b5 cxb5 19. Bxb5 Qc8 20. Rc1 Bf4 21. g3 Bh6 22. c6 Nb6 23. Bxf6 gxf6 24. Bd3 Kh8 25. Nd4 Nc4 26. f4 Nxd2 27. Qxd2 Rg8 28. Kh1 Rg4 29. Qe3 Qe8 30. Nxe6 fxe6 31. c7 Qc8 32.
Ba6 Qxa6 33. c8=Q+ Qxc8 34. Rxc8+ Kg7 35. Qxe6 1-0

[Event "Betsys MČR v online bleskovém šachu 2021"]
[Site "Chess.com"]
[Date "2021.04.17"]
[Round "2"]
[White "jankrelina07"]
[Black "koky_3"]
[Result "0-1"]
[WhiteElo "1468"]
[BlackElo "2048"]
[TimeControl "180+1"]
[EndTime "9:17:41 PDT"]
[Termination "Uživatel koky_3 zvítězil na čas"]

1. d4 d5 2. Bf4 Nc6 3. e3 f6 4. Nf3 Bg4 5. Be2 Qd7 6. c3 O-O-O 7. h3 Bh5 8. Nbd2 g5 9. Bg3 Bg6 10. Nb3 e6 11. Bd3 Bd6 12. Bxd6 cxd6 13. a4 Kb8 14. a5 Nge7 15. Bc2 h5 16. Nbd2 g4 17. Nh4 Bf7 18.
b4 a6 19. Bd3 Na7 20. Qc2 Rc8 21. Rc1 e5 22. dxe5 fxe5 23. Qb1 d4 24. Nf5 dxe3 25. fxe3 d5 26. Nxe7 Qxe7 27. Be2 Qh4+ 28. Kd1 d4 29.
exd4 exd4 30. c4 Rce8 31. Qf5 Rhf8 32. Qf4+ Ka8 33. Qxd4 Nc6 34. Qc3 Qf2 35. Re1 Bg6 36. b5 Nd4 37. bxa6 Rxe2 38. Nb3 Rxe1+ 39. Qxe1 Bc2+ 0-1

[Event "Betsys MČR v online bleskovém šachu 2021"]
[Site "Chess.com"]
[Date "2021.04.17"]
[Round "2"]
[White "HCMotorCB"]
[Black "matykov"]
[Result "1-0"]
[WhiteElo "2369"]
[BlackElo "1999"]
[TimeControl "180+1"]
[EndTime "9:17:42 PDT"]
[Termination "Uživatel HCMotorCB zvítězil po vzdání soupeře"]

1. e4 e6 2. d4 d5 3. e5 c5 4. c3 Qb6 5. a3 Bd7 6. b4 cxd4 7. Qxd4 Qxd4 8. cxd4 a6 9. f4 Bb5 10. Nf3 Bxf1 11. Kxf1 Nc6 12. Ke2 Nge7 13. Bb2 Ng6 14. g3 Be7 15. h4 h5 16. Nbd2 Bd8 17. Rhc1 Bb6 18. Nb3 Nge7 19. Rc2 Nf5 20. Kf2 g6 21. Rac1 Kd7 22. Nc5+ Bxc5 23. dxc5 Na7 24. a4 Rac8 25. Ba3 Rc7 26. Rd2 Rhc8 27. Nd4 Nc6 28. Nxf5 gxf5 29.
Rc3 Rg8 30. Rdd3 Rcc8 31. b5 axb5 32. axb5 Na7 33. Rb3 Ra8 34. Rdc3 Rgc8 35. Ke3 Rc7 36. b6 Rc6 37. bxa7 Rxa7 38. Bb4 Rca6 39. Ra3 Rxa3 40. Rxa3 Rxa3+ 41. Bxa3 Kc6 42. Kd4 Kb5 43. Bc1 Kb4 44.
Bd2+ Kb3 45. Ba5 Kc2 46. Bd8 Kb3 47. Be7 Kc2 48. Bd6 Kb3 49. Bc7 Kc2 50. Ba5 Kb3 51.
c6 bxc6 52. Kc5 Kc2 53. Kxc6 d4 54. Kd7 d3 55. Ke7 d2 56. Bxd2 Kxd2 57. Kxf7 Ke3 58. Kxe6 Kf3 59. Kxf5 Kxg3 60. Kg5 1-0

[Event "Betsys MČR v online bleskovém šachu 2021"]
[Site "Chess.com"]
[Date "2021.04.17"]
[Round "2"]
[White "Cenisuh"]
[Black "DenisaD2008"]
[Result "1-0"]
[WhiteElo "1618"]
[BlackElo "980"]
[TimeControl "180+1"]
[EndTime "9:17:44 PDT"]
[Termination "Uživatel Cenisuh zvítězil matem"]

1. d4 d5 2. c4 dxc4 3. Nc3 Nf6 4. e4 e6 5. Bxc4 Bb4 6. Ne2 Nxe4 7. O-O Nxc3 8. bxc3 Be7 9. Qb3 O-O 10. Rd1 Nc6 11.
Qc2 Re8 12. Bd3 g6 13. Rb1 Bh4 14. Qd2 e5 15. g3 Bf6 16. Bb2 exd4 17. cxd4 Nxd4 18.
Nxd4 Bxd4 19. Bb5 Re4 20. Bxd4 Bg4 21. Qd3 Re6 22. f3 Bf5 23. Qc3 Bxb1 24. Rxb1 c6 25.
Bf1 b5 26. Bh8 f6 27. Bh3 Rd6 28. Re1 Kxh8 29. Qc5 Rd2 30. Qxc6 Rxa2 31. Qc5 Kg8 32. Be6+ Kg7 33. Bxa2 Qd2 34. Re7+ Kh6 35. Qe3+ g5 36.
Qxd2 Rb8 37. Qd7 a5 38. g4 f5 39. Rxh7+ Kg6 40. Qf7# 1-0

[Event "Betsys MČR v online bleskovém šachu 2021"]
[Site "Chess.com"]
[Date "2021.04.17"]
[Round "2"]
[White "KdybyNecoTakNic"]
[Black "PavelNo"]
[Result "1-0"]
[WhiteElo "2359"]
[BlackElo "1995"]
[TimeControl "180+1"]
[EndTime "9:17:46 PDT"]
[Termination "Uživatel KdybyNecoTakNic zvítězil na čas"]

1. Nf3 Nf6 2. g3 g6 3. Bg2 Bg7 4. O-O O-O 5. d4 d6 6. Nc3 c6 7. e4 Qa5 8. Be3 Qh5 9. Qe1 Bh3 10. a4 Ng4 11. a5 Nd7 12. a6 b6 13. Rd1 Rad8 14.
Bg5 f6 15. Bc1 e5 16. d5 cxd5 17. Nxd5 f5 18. Ne7+ Kh8 19. Rxd6 Nc5 20. Rxd8 Rxd8 21. exf5 gxf5 22. Qe2 Bxg2 23. Kxg2 Bf6 24. Nc6 Rd7 25. h3 e4 26. hxg4 exf3+ 27. Qxf3 Qxg4 28. Qxg4 fxg4 29. Nb4 Ne6 30. c3 Nc5 31. Be3 Na4 32.
Rb1 Be7 33. Nc2 Bc5 34. Nd4 Kg8 35. Kf1 h5 36. Ke2 Re7 37. Kd3 1-0

[Event "Betsys MČR v online bleskovém šachu 2021"]
[Site "Chess.com"]
[Date "2021.04.17"]
[Round "2"]
[White "HonzaRubes95"]
[Black "Evca64"]
[Result "1-0"]
[WhiteElo "2514"]
[BlackElo "2072"]
[TimeControl "180+1"]
[EndTime "9:17:47 PDT"]
[Termination "Uživatel HonzaRubes95 zvítězil po vzdání soupeře"]

1. Nf3 d5 2. c4 c6 3. e3 Nf6 4. Nc3 g6 5. Be2 Bg7 6. O-O O-O 7. d4 Nbd7 8. cxd5 cxd5 9. Bd2 Nb6 10. Qb3 Bg4 11.
Rfc1 Rc8 12. h3 Bxf3 13. Bxf3 e6 14. Nb5 Rxc1+ 15. Rxc1 Nc4 16. Bb4 Re8 17. Na3 Nxa3 18. Qxa3 a6 19. Ba5 b6 20. Bd2 a5 21. Qb3 Bf8 22.
Rc6 Ne4 23. Bxe4 dxe4 24. Qxb6 Qd5 25. b3 Ra8 26. Qb7 Rb8 27. Qxb8 Qxc6 28. Bxa5 Kg7 29. Qe5+ f6 30. Qc7+ Qxc7 31. Bxc7 Kf7 32. Ba5 Ke8 33.
a4 Kd7 34. Kf1 Kc6 35. Ke2 Bd6 36. b4 Kd5 37. b5 Kc4 38. b6 Bb8 39. b7 Kb3 40.
Bd8 Kxa4 41. Bxf6 Kb5 42. Be5 Kc6 43. Bxb8 Kxb7 44. Be5 Kc6 45. f3 1-0

[Event "Betsys MČR v online bleskovém šachu 2021"]
[Site "Chess.com"]
[Date "2021.04.17"]
[Round "2"]
[White "machajda"]
[Black "Maldaj"]
[Result "0-1"]
[WhiteElo "2019"]
[BlackElo "2402"]
[TimeControl "180+1"]
[EndTime "9:17:47 PDT"]
[Termination "Uživatel Maldaj zvítězil na čas"]

1. e4 c5 2. Nf3 d6 3. d4 cxd4 4. Nxd4 Nf6 5. Nc3 a6 6. Bg5 Nbd7 7. f4 Qc7 8. Qf3 h6 9. Bh4 g5 10. fxg5 hxg5 11. Bxg5 Qc5 12. Be3 Ne5 13. Qe2 Neg4 14. Bg1 Bh6 15. h3 Bf4 16. Ne6 Qb4 17. Nxf4 Qxb2 18. Rd1 Qxc3+ 19. Rd2 Bd7 20. Qf3 Qxf3 21. gxf3 Ne5 22. Be2 Rc8 23. Bd4 Bb5 24. Kf2 Bxe2 25.
Rxe2 Rc4 26. c3 Nh5 27. Nd5 Nd3+ 28. Ke3 Ne5 29. Rg2 e6 30. Nb6 Rc6 31. f4 Rxb6 32. fxe5 Rb5 33. exd6 e5 34. Ba7 Kd7 35. Rf1 f6 36.
Rg6 Kxd6 37. Kd2 Ke6 38. Kc2 Kf7 39. Rfg1 Rh7 40. Be3 Ra5 41. Kb3 Rb5+ 42. Kc2 Rg7 43. Rxg7+ Nxg7 44. Rd1 Ke6 45. h4 Ra5 46. Kb3 b5 47. Rg1 Kf7 48. Rd1 Ra4 49. Rd7+ Kg6 0-1

[Event "Betsys MČR v online bleskovém šachu 2021"]
[Site "Chess.com"]
[Date "2021.04.17"]
[Round "2"]
[White "Trener-Pokrocili"]
[Black "jachymcarostrelec4"]
[Result "1-0"]
[WhiteElo "2244"]
[BlackElo "1890"]
[TimeControl "180+1"]
[EndTime "9:17:48 PDT"]
[Termination "Uživatel Trener-Pokrocili zvítězil matem"]

1. Nf3 d5 2. c4 d4 3. b4 Nf6 4. Bb2 c5 5. e3 Bg4 6. Qa4+ Nc6 7. Ne5 Bd7 8. Nxd7 Qxd7 9. Be2 Nxb4 10. Qxd7+ Kxd7 11.
Na3 e5 12. O-O Bd6 13. f4 exf4 14. exd4 Rhe8 15. Bf3 Nd3 16. Rab1 b6 17. Bxa8 Nxb2 18.
Rxb2 Rxa8 19. Nb5 Bb8 20. d5 Be5 21. Rbb1 Ng4 22. h3 Nh6 23. Rbe1 f6 24. d3 Nf5 25. Na3 Ng3 26. Rf3 Nf5 27. Nc2 Nd4 28. Nxd4 Bxd4+ 29.
Kh1 Be3 30. Re2 g5 31. g3 Rg8 32. Rf1 Kd6 33. gxf4 gxf4 34. Rg2 Rxg2 35. Kxg2 Ke5 36.
Kf3 f5 37. a4 Bd4 38. Re1+ Be3 39. Ke2 Kd4 40. a5 Ke5 41. axb6 axb6 42. Rb1 Kf6 43.
Rxb6+ Kg5 44. d6 Bd4 45. d7 Bf6 46. Rxf6 Kxf6 47. d8=Q+ Ke5 48. Qe7+ Kd4 49. Qf6# 1-0

[Event "Betsys MČR v online bleskovém šachu 2021"]
[Site "Chess.com"]
[Date "2021.04.17"]
[Round "2"]
[White "Michaela1994"]
[Black "EDA16"]
[Result "1-0"]
[WhiteElo "1618"]
[BlackElo "957"]
[TimeControl "180+1"]
[EndTime "9:17:48 PDT"]
[Termination "Uživatel Michaela1994 zvítězil na čas"]

1. e4 e5 2. Nf3 Nc6 3. Bc4 h6 4. O-O Nf6 5. Re1 Bc5 6. c3 O-O 7.
d4 exd4 8. cxd4 Bb4 9. Nc3 Bxc3 10. bxc3 d6 11. Nh4 Re8 12. Qc2 Be6 13. d5 Na5 14.
Bb5 Bd7 15. Bd3 c6 16. dxc6 Nxc6 17. Bb2 Rc8 18. Rac1 Qb6 19. Bc4 Ne5 20. Bb3 Nc4 21.
Ba1 Be6 22. Qe2 d5 23. exd5 Bxd5 24. Qd3 Rxe1+ 25. Rxe1 Qd6 26. Nf5 Qd7 27. Ne7+ Kh8 28. Nxc8 Qxc8 29. Qd4 Qg4 30. Qxg4 Nxg4 31. Bxc4 Bxc4 32.
Re4 Be6 33. Rb4 Nf6 34. Rxb7 Kh7 35. c4 Bxc4 36. Bxf6 gxf6 37. Rxa7 Bd5 38. a4 Kg6 39. a5 f5 40. a6 f6 41. Rd7 Be4 42. a7 1-0

[Event "Betsys MČR v online bleskovém šachu 2021"]
[Site "Chess.com"]
[Date "2021.04.17"]
[Round "2"]
[White "JJ95"]
[Black "BRNOTEACHER"]
[Result "1/2-1/2"]
[WhiteElo "2007"]
[BlackElo "2362"]
[TimeControl "180+1"]
[EndTime "9:17:49 PDT"]
[Termination "Remíza opakováním pozice"]

1. e4 c6 2. c4 d5 3. exd5 cxd5 4. d4 Nf6 5. Nc3 Nc6 6. Nf3 Bg4 7. cxd5 Nxd5 8. Qb3 Bxf3 9. gxf3 e6 10. Qxb7 Nxd4 11. Bb5+ Nxb5 12. Qxb5+ Qd7 13. Qxd7+ Kxd7 14. Nxd5 exd5 15.
Be3 Bb4+ 16. Ke2 Rhc8 17. Rac1 a5 18. a3 Bd6 19. h3 Be5 20. b3 Bb2 21. Rc5 Ke6 22.
Rd1 Bxa3 23. Rcxd5 g6 24. Bb6 Rc3 25. Rxa5 Rxa5 26.
Bxa5 Rxb3 27. Kf1 Rxf3 28. Kg2 Rb3 29. Re1+ Kf6 30. Bd8+ Kf5 31. Bc7 f6 32. Bg3 h5 33.
h4 Rb2 34. Re3 Bc5 35. Rf3+ Ke6 36. Rc3 Kd5 37. Rf3 Bd4 38. Ra3 Rb6 39. Rf3 Ke4 40.
Rf4+ Kd5 41. Rf3 Kc4 42. Ra3 Kd5 43. Rf3 1/2-1/2

[Event "Betsys MČR v online bleskovém šachu 2021"]
[Site "Chess.com"]
[Date "2021.04.17"]
[Round "2"]
[White "LightningAttack_2000"]
[Black "fadamos"]
[Result "0-1"]
[WhiteElo "1900"]
[BlackElo "2254"]
[TimeControl "180+1"]
[EndTime "9:17:49 PDT"]
[Termination "Uživatel fadamos zvítězil matem"]

1. e4 d6 2. d4 Nf6 3. Nc3 g6 4. Bf4 Bg7 5. Qd2 h6 6. h4 c6 7. O-O-O b5 8. f3 Bb7 9. Kb1 Nfd7 10. Nce2 Nb6 11. Ng3 N8d7 12. h5 g5 13. Be3 e6 14. f4 gxf4 15. Bxf4 Qe7 16. Nf3 O-O-O 17. Rc1 Kb8 18. Be2 Ka8 19. Rhd1 Nc4 20. Bxc4 bxc4 21. c3 Nb6 22. Qc2 e5 23. Be3 Rhe8 24. dxe5 dxe5 25. Bxb6 axb6 26. Qa4+ Kb8 27. Qxc4 Bf6 28. Nf5 Qf8 29. Qe2 Ka7 30. Rxd8 Rxd8 31. Rd1 Ba6 32. Qe1 Bd3+ 33. Ka1 Qc5 34. Qd2 Bxe4 35. Qxd8 Bxd8 36. Rxd8 Bxf5 37. Rd1 Bc2 38. Rc1 Qf2 39. Nxe5 Qxg2 40.
Nxf7 Bh7 41. Nxh6 Qg5 42. Nf7 Qxc1# 0-1

[Event "Betsys MČR v online bleskovém šachu 2021"]
[Site "Chess.com"]
[Date "2021.04.17"]
[Round "2"]
[White "sipos88"]
[Black "Bohous13"]
[Result "0-1"]
[WhiteElo "1868"]
[BlackElo "2201"]
[TimeControl "180+1"]
[EndTime "9:17:49 PDT"]
[Termination "Uživatel Bohous13 zvítězil po vzdání soupeře"]

1. e4 e6 2. g3 d5 3. exd5 exd5 4. Bg2 Nf6 5. d4 Bd6 6. f4 O-O 7. Nf3 Re8+ 8. Ne5 c5 9. c3 Bg4 10. Bf3 Bxf3 11. Qxf3 cxd4 12. cxd4 Nc6 13. Be3 Nb4 14. Na3 Ne4 15. O-O f6 16. Ng4 Qd7 17. Rac1 Nxa2 18. Rce1 Nb4 19. Nf2 Nxf2 20. Bxf2 Bf8 21. Re3 Rxe3 22.
Qxe3 Re8 23. Qb3 Kh8 24. Nc2 Nxc2 25. Qxc2 Qc6 26. Qxc6 bxc6 27. Rc1 Rc8 28. Kg2 Kg8 29. f5 Kf7 30. Kf3 Ke7 31. Ra1 Rc7 32. Ra5 Kd7 33.
g4 Bd6 34. h4 Rb7 35. g5 Bb8 36. g6 hxg6 37. fxg6 Rb3+ 38. Kg4 Rxb2 39. Bg3 Rg2 40. Ra3 a5 41. h5 Ke7 42. Rb3 Rxg3+ 43. Rxg3 Bxg3 44.
Kxg3 a4 45. h6 gxh6 0-1

[Event "Betsys MČR v online bleskovém šachu 2021"]
[Site "Chess.com"]
[Date "2021.04.17"]
[Round "2"]
[White "EXTREME_STRATEGY007"]
[Black "AdaTra"]
[Result "1-0"]
[WhiteElo "1135"]
[BlackElo "1641"]
[TimeControl "180+1"]
[EndTime "9:17:49 PDT"]
[Termination "Uživatel EXTREME_STRATEGY007 zvítězil po vzdání soupeře"]

1. e4 c6 2. d4 d5 3. Nc3 dxe4 4. Nxe4 Nd7 5. Qe2 Ndf6 6. Nf3 Nxe4 7. Qxe4 Nf6 8. Qe3 Nd5 9. Qd3 Bg4 10. h3 Bh5 11. Be2 e6 12. Be3 Be7 13. O-O O-O 14. c4 Nxe3 15.
Qxe3 Qc7 16. Ne5 Bxe2 17. Qxe2 Bf6 18. f4 c5 19. d5 exd5 20. cxd5 Rfe8 21. Rae1 Rad8 22.
Qc4 Bxe5 23. fxe5 Rxe5 24. d6 Qxd6 25. Qxf7+ Kh8 26. Rxe5 Qd4+ 27. Kh1 h6 28. Re8+ Rxe8 29. Qxe8+ Kh7 30. Qe2 b5 31. Qc2+ Kg8 32. Qb3+ c4 33. Qd1 Qc5 34. Qd8+ Kh7 35. Rf8 Qe5 36. Rh8+ Kg6 37.
Qe8+ Qxe8 38. Rxe8 1-0

[Event "Betsys MČR v online bleskovém šachu 2021"]
[Site "Chess.com"]
[Date "2021.04.17"]
[Round "2"]
[White "Tretrik"]
[Black "phil3"]
[Result "1-0"]
[WhiteElo "1989"]
[BlackElo "2157"]
[TimeControl "180+1"]
[EndTime "9:17:50 PDT"]
[Termination "Uživatel Tretrik zvítězil matem"]

1. e4 c6 2. Nf3 d5 3. d3 Qc7 4. Nc3 Bg4 5. h3 Bxf3 6. Qxf3 e6 7. g4 Nf6 8. Bg2 Nbd7 9. Qe2 Be7 10. f4 Nc5 11. e5 Nfd7 12. d4 Na6 13. O-O c5 14.
Nb5 Qb6 15. c3 Nc7 16. Nxc7+ Qxc7 17. f5 O-O 18. Bf4 Rac8 19. f6 gxf6 20. exf6 Bd6 21. Bxd6 Qxd6 22. Qe3 Kh8 23. Rae1 Rg8 24. Kh1 Rg6 25. g5 Rcg8 26. h4 a6 27. Qf3 cxd4 28. cxd4 Qb6 29. Qf2 h6 30. Bh3 Qa5 31. b3 Qb6 32.
Rc1 Qd6 33. Rg1 Kh7 34. Bf1 Kh8 35. Bd3 b6 36. Bxg6 Rxg6 37. Rc8+ Kh7 38. h5 Rxg5 39. Qc2+ Rf5 40. Rg7# 1-0